 Dungeon Crawl Stone Soup version 0.17.0-56-gd8de76c (webtiles) character file.

39 plasmid the Grave Robber (level 3, -1/28 HPs)
             Began as a Deep Dwarf Necromancer on Dec 4, 2015.
             Slain by a kobold
             ... wielding a +4 short sword of venom
              (4 damage)
             ... on level 2 of the Dungeon.
             The game lasted 00:15:56 (1125 turns).

plasmid the Grave Robber (Deep Dwarf Necromancer)   Turns: 1125, Time: 00:15:56

Health: -1/28      AC:  4    Str: 11    XL:     3   Next: 28%
Magic:  2/6        EV: 12    Int: 16    God:
Gold:   95         SH:  0    Dex: 13    Spells: 3 memorised, 1 level left

rFire  . . .     SeeInvis .     (no weapon)
rCold  . . .     Clarity  .     a - +0 robe
rNeg   . . .     SustAt   .     (no shield)
rPois  .         Gourm    .     (no helmet)
rElec  .         Spirit   .     (no cloak)
rCorr  .         Warding  .     y - +1 pair of gloves
rMut   .         Stasis   .     (no boots)
MR     .....                    (no amulet)
Stlth  ++........               (no ring)
                                m - +1 ring of slaying

@: lethally poisoned (-1 -> -6), non-regenerating, not resistant to hostile
enchantments, unstealthy
A: damage resistance, recharge devices, sense surroundings 1, slow regeneration
3
a: Device Recharging


You were on level 2 of the Dungeon.
You were not hungry.

You visited 1 branch of the dungeon, and saw 2 of its levels.

You collected 95 gold pieces.

Inventory:

Hand Weapons
 p - a +0 hand axe
 s - a +0 short sword
Missiles
 h - 4 needles of confusion (quivered)
 n - 27 poisoned needles
 u - 32 stones
Armour
 a - a +0 robe (worn)
 l - a +0 robe
 o - a +1 leather armour of cold resistance
 y - a +1 pair of gloves (worn)
Jewellery
 m - a +1 ring of slaying (left hand)
Wands
 c - a wand of heal wounds (5)
Scrolls
 e - 2 scrolls of remove curse {unknown}
 k - 3 scrolls of enchant weapon {unknown}
 t - a scroll of identify {unknown}
 x - a scroll of magic mapping {unknown}
Potions
 g - a potion of flight {unknown}
 j - a potion of cure mutation {unknown}
 v - a potion of heal wounds {unknown}
 w - a potion of brilliance {unknown}
Books
 b - a book of Necromancy

   Spells                             Type                      Level
   a - Pain                           Necromancy                   1
   b - Animate Skeleton               Necromancy                   1
   c - Vampiric Draining              Necromancy                   3
   d - Regeneration                   Charms/Necromancy            3
   e - Animate Dead                   Necromancy                   4
   f - Control Undead                 Necromancy                   4
Comestibles
 d - a bread ration
 f - a beef jerky
 i - 4 chunks of flesh
 r - a meat ration


   Skills:
 + Level 2.4 Dodging
 - Level 2.5 Stealth
 - Level 2.0 Spellcasting
 * Level 5.2 Necromancy
 + Level 1.1 Evocations


You had one spell level left.
You knew the following spells:

 Your Spells              Type           Power        Failure   Level  Hunger
a - Pain                  Necr           ###.         2%          1    #......
b - Animate Skeleton      Necr           N/A          2%          1    #......
c - Vampiric Draining     Necr           ###.......   10%         3    ###....


Dungeon Overview and Level Annotations

Branches:
Dungeon (2/15)

Altars:


Innate Abilities, Weirdness & Mutations

You are resistant to damage.
You can recharge devices by infusing magical energy.
You passively map a small area around you.
You do not regenerate naturally.


Message History

The kobold hits you with a short sword of venom.
You are lethally poisoned!
You finish putting on your +1 pair of gloves.
m - a +1 ring of slaying (left hand)
* * * LOW HITPOINT WARNING * * *
You feel sick.
The quokka bites you but does no damage.
The giant gecko bites you.
As you read the scroll labeled USTUBLIFIA, it crumbles to dust.
Forget which spell ([?*] list [ESC] exit)?
Forget which spell ([?*] list [ESC] exit)?
You don't know that spell.
Forget which spell ([?*] list [ESC] exit)?
Okay, then.
It was a scroll of amnesia.
* * * LOW HITPOINT WARNING * * *
You feel sick. The quokka bites you.
* * * LOW HITPOINT WARNING * * *
The kobold hits you with a short sword of venom.
You die...

, , , , , * ,
* * * ,
####### *
#.....# , , ,
*#..@..# * *
*#.Krl.# * **
* #.....# * *
* , #.....# ,
, ###.### , ,
#.# , , , *
#.# * *
#.#########.##
* , *
#.........#..#
, , *


You could see a giant gecko, a quokka and a kobold.

Vanquished Creatures
  3 giant geckos (D:1)
  3 ball pythons (D:1)
  5 bats
  2 giant cockroaches
  5 hobgoblins
  3 kobolds (D:1)
  2 giant newts
  5 goblins
  2 rats (D:1)
30 creatures vanquished.

Vanquished Creatures (collateral kills)
  A goblin (D:1)
  A giant newt (D:1)
2 creatures vanquished.

Grand Total: 32 creatures vanquished

Notes
Turn   | Place    | Note
--------------------------------------------------------------
     0 | D:1      | plasmid the Deep Dwarf Necromancer began the quest for the Orb.
     0 | D:1      | Reached XP level 1. HP: 15/15 MP: 3/3
   339 | D:1      | Reached XP level 2. HP: 19/22 MP: 0/5
   350 | D:1      | Learned a level 1 spell: Animate Skeleton
   632 | D:1      | Reached skill level 5 in Necromancy
   643 | D:1      | Reached skill level 1 in Evocations
   735 | D:1      | Reached XP level 3. HP: 24/28 MP: 2/6
   772 | D:1      | Learned a level 3 spell: Vampiric Draining
  1125 | D:2      | Slain by a kobold

Action                   || total
-------------------------++-------
 Cast: Pain              ||    60
       Animate Skeleton  ||     5
       Vampiric Draining ||     2
  Use: Scroll            ||     1
  Eat: Chunk             ||     2
